 Dungeon Crawl Stone Soup version 0.25-a0-435-g4b9beb1024 (webtiles) character file.

Game seed: 12296937536684053358, levelgen mode: deterministic

6007 Gargoyl the Cleaver (level 10, -3/124 HPs)
             Began as a Centaur Abyssal Knight on Jan 27, 2020.
             Was an Elder of Lugonu.
             Slain by a wyvern (9 damage)
             ... on level 8 of the Dungeon on Jan 28, 2020.
             The game lasted 00:13:19 (8643 turns).

Gargoyl the Cleaver (Centaur Abyssal Knight)        Turns: 8643, Time: 00:13:20

Health: -3/124     AC: 25    Str: 18    XL:     10   Next: 56%
Magic:  15/15      EV:  1    Int: 11    God:    Lugonu [****..]
Gold:   552        SH:  0    Dex: 11    Spells: 9/9 levels left

rFire    . . .     SeeInvis .   f - +2 war axe (venom)
rCold    . . .     Gourm    .   (no shield)
rNeg     + + +     Faith    .   (armour currently unavailable)
rPois    +         Spirit   .   (helmet currently unavailable)
rElec    .         Reflect  .   (cloak currently unavailable)
rCorr    .         Harm     .   (gloves currently unavailable)
MR       +....     Clarity  +   (no barding) Stlth +.........NoTele +
                                (no amulet)
HPRegen  0.30/turn              s - ring of poison resistance
MPRegen  0.14/turn              u - ring of protection from magic

@: tree-form
A: large, agile 1, clarity
a: Depart the Abyss, Bend Space, Banish, Corrupt, Renounce Religion


You were on level 8 of the Dungeon.
You worshipped Lugonu.
Lugonu was greatly pleased with you.
You were hungry.
You were a tree.
You visited 1 branch of the dungeon, and saw 8 of its levels.
You visited the Abyss 1 time.

You collected 552 gold pieces.

Inventory:

Hand Weapons
 a - a +1 hand axe
 f - a +2 war axe of venom (weapon)
 z - a +2 hand axe of flaming
Armour
 g - a +0 cloak
 j - a +2 helmet (melded)
 n - a scarf of resistance (melded)
 o - a +2 scale mail (melded)
Jewellery
 s - a ring of poison resistance (left branch)
 u - a ring of protection from magic (right branch)
 x - an uncursed ring of flight
Wands
 e - a wand of digging (2)
 m - a wand of iceblast (2)
Scrolls
 d - 2 scrolls of teleportation
 k - 6 scrolls of identify
 v - a scroll of remove curse
Potions
 b - a potion of might
 h - a potion of degeneration
 i - 2 potions of cancellation
 l - a potion of flight
 r - a potion of brilliance
 t - a potion of agility
 w - a potion of magic
Comestibles
 c - 20 rations


   Skills:
 + Level 5.9 Fighting
 + Level 8.1 Axes
 * Level 7.0 Armour
 * Level 4.4 Dodging
 * Level 7.1 Invocations


You had 9 spell levels left.
You didn't know any spells.
Your spell library was empty.

Dungeon Overview and Level Annotations

Branches:
Dungeon (8/15)             Temple (0/1) D:5
   Lair: D:8-11

Altars:
Elyvilon
Gozag
Kikubaaqudgha
Sif Muna
Trog
Vehumet
Wu Jian
Xom
The Shining One

Portals:
Abyss: D:3

Annotations:
D:3 Elellon's ghost, amateur DECj


Innate Abilities, Weirdness & Mutations

((You have hooves in place of feet.))
((Armour fits poorly on your strangely shaped body.))
((You cover ground very quickly.))
((You have extremely tough skin. (AC +3)))
You are agile. (Dex +2)
You possess an exceptional clarity of mind.


Message History

You barely miss the wyvern.
The wyvern is almost dead.
You hit the wyvern.
The wyvern is poisoned.
You kill the wyvern!
Lugonu accepts your kill.
The wyvern bites you but does no damage. x2
Unknown command.
You hit the wyvern.
The wyvern looks as sick as possible!
The wyvern is heavily wounded.
The wyvern bites you!
* * * LOW HITPOINT WARNING * * *
Unknown command.
You closely miss the wyvern.
The wyvern is heavily wounded.
The wyvern bites you but does no damage. x2
Unknown command.
You slash the wyvern!
The wyvern looks as sick as possible!
The wyvern is almost dead.
The wyvern bites you!
You die...

.####............................
..........................####...
.####......[.....###.............
.####............# #.............
.#...............# ###.##........
##..(............# #.##.....###
##...#################.##########
.................l...............
................♣†...............
..........<.)...........).....#.#
.######......#######...#.#.......
.............#................#.#
#######[..#.<#.##......#.###.##.#
.# #......##)#.##.....##.###.....
#########......##.....##..##.....
.....)..#....#################...
(....#.)#....# #...


You could see a wyvern.

Vanquished Creatures
  Harold (D:7)
  A hydra (D:8)
  Maggie (D:8)
  A komodo dragon (D:8)
  2 dream sheep (D:8)
  2 yaks (D:8)
  A wyvern (D:8)
  A basilisk (D:8)
  An acid dragon (D:8)
  A sky beast (D:7)
  An ice beast (D:7)
  A phantom (D:6)
  3 centaurs
  6 ogres
  A crocodile (D:7)
  3 big kobolds (D:8)
  A bullfrog (D:7)
  3 scorpions
  3 howler monkeys
  5 wights
  A quasit (D:7)
  3 orc priests
  2 hounds (D:5)
  2 jellies
  3 centaur skeletons
  12 orc wizards
  Natasha (twice) (D:3)
  7 worker ants
  A hound skeleton (D:8)
  A worker ant zombie (D:6)
  8 gnolls
  7 adders
  An ooze (D:4)
  An adder skeleton (D:4)
  An adder zombie (D:5)
  2 worms (D:3)
  3 dart slugs
  3 leopard geckos
  22 orcs
  2 ball pythons
  6 giant cockroaches
  3 goblins
  8 hobgoblins
  12 jackals
  3 quokkas
  5 bats
  6 frilled lizards
  5 kobolds
  A leopard gecko skeleton (D:5)
  A quokka zombie (D:7)
  4 rats
177 creatures vanquished.

Vanquished Creatures (others)
  Natasha (D:3)
  An orc (D:3)
2 creatures vanquished.

Grand Total: 179 creatures vanquished

Notes
Turn   | Place    | Note
-------+----------+-------------------------------------------
     0 | Abyss:1  | Gargoyl the Centaur Abyssal Knight began the quest for the
                  | Orb.
     0 | Abyss:1  | Reached XP level 1. HP: 19/19 MP: 2/2
    40 | Abyss:1  | Noticed a spatial maelstrom
    45 | Abyss:1  | Noticed a large abomination
    49 | Abyss:1  | Noticed a spatial vortex
    49 | Abyss:1  | Noticed a spatial vortex
    50 | Abyss:1  | Noticed a spatial vortex
    63 | Abyss:2  | Found a roughly hewn altar of Beogh.
    64 | Abyss:2  | Noticed an iron imp
    76 | Abyss:3  | Gained mutation: You possess an exceptional clarity of
                  | mind. [potion of mutation]
    76 | Abyss:3  | Gained mutation: You are agile. (Dex +2) [potion of
                  | mutation]
   100 | Abyss:4  | Found a corrupted altar of Lugonu.
   117 | Abyss:4  | Noticed a raiju
   117 | Abyss:4  | Noticed a raiju
   124 | Abyss:5  | Entered Level 5 of the Abyss
   126 | Abyss:5  | Found a corrupted altar of Lugonu.
   160 | Abyss:5  | Noticed a large abomination
   185 | D:1      | Escaped the Abyss
   343 | D:1      | Reached * piety under Lugonu
   343 | D:1      | Reached XP level 2. HP: 26/26 MP: 3/3
   541 | D:1      | You fall into a shaft and drop 1 floor!
   557 | D:2      | Reached skill level 2 in Axes
   557 | D:2      | Reached skill level 1 in Dodging
   772 | D:2      | Reached XP level 3. HP: 31/31 MP: 4/4
   897 | D:2      | Found a glowing golden altar of the Shining One.
  1266 | D:3      | Reached XP level 4. HP: 25/38 MP: 4/6
  1271 | D:3      | Reached XP level 5. HP: 20/45 MP: 4/7
  1512 | D:3      | Reached skill level 3 in Axes
  1652 | D:3      | Found a radiant altar of Vehumet.
  1727 | D:3      | Reached ** piety under Lugonu
  1872 | D:3      | Noticed Natasha
  1875 | D:3      | Killed Natasha
  1875 | D:3      | Reached XP level 6. HP: 52/52 MP: 8/8
  1950 | D:3      | Noticed Natasha
  1952 | D:3      | Killed Natasha
  2101 | D:3      | Killed Natasha
  2139 | D:3      | Found an opulent altar of Gozag.
  2239 | D:3      | Found a transporter.
  2276 | D:3      | Noticed Elellon's ghost (amateur DECj)
  2293 | D:3      | Noticed a small abomination
  2298 | D:3      | Found a transporter.
  2323 | D:3      | Found a one-way gate to the infinite horrors of the Abyss.
  2454 | D:4      | Reached skill level 4 in Axes
  2593 | D:4      | Reached XP level 7. HP: 55/59 MP: 9/9
  3211 | D:5      | Entered Level 5 of the Dungeon
  3222 | D:5      | Found a bloodstained altar of Trog.
  3235 | D:5      | Reached skill level 5 in Axes
  3238 | D:5      | Reached *** piety under Lugonu
  3240 | D:5      | Reached XP level 8. HP: 47/67 MP: 11/11
  3664 | D:5      | Found a shimmering altar of Xom.
  3666 | D:5      | Found a shimmering altar of Xom.
  3666 | D:5      | Found a shimmering altar of Xom.
  3666 | D:5      | Found a shimmering altar of Xom.
  3666 | D:5      | Found a shimmering altar of Xom.
  3666 | D:5      | Found a shimmering altar of Xom.
  3666 | D:5      | Found a shimmering altar of Xom.
  3797 | D:5      | Found an ornate altar of the Wu Jian Council.
  3892 | D:5      | Found a staircase to the Ecumenical Temple.
  4584 | D:6      | Reached skill level 6 in Axes
  4584 | D:6      | Reached skill level 5 in Invocations
  5786 | D:7      | Reached XP level 9. HP: 54/73 MP: 11/13
  5970 | D:7      | Found a shimmering blue altar of Sif Muna.
  5970 | D:7      | Found an ancient bone altar of Kikubaaqudgha.
  6012 | D:7      | Reached skill level 5 in Fighting
  6167 | D:7      | Reached **** piety under Lugonu
  6534 | D:7      | Reached skill level 5 in Armour
  6890 | D:8      | Noticed Harold
  6892 | D:8      | Noticed Maggie
  7184 | D:7      | Killed Harold
  7184 | D:7      | Reached skill level 7 in Axes
  7468 | D:8      | Killed Maggie
  7963 | D:8      | Reached XP level 10. HP: 66/82 MP: 14/14
  8214 | D:8      | Noticed a three-headed hydra
  8219 | D:8      | Killed a one-headed hydra
  8384 | D:8      | Found a white marble altar of Elyvilon.
  8479 | D:8      | Reached skill level 8 in Axes
  8641 | D:8      | HP: 6/124 [wyvern (8)]
  8643 | D:8      | Slain by a wyvern

Levels and vault maps discovered:
D:1:      giann_forest_graveyard, layout_basic
D:2:      layout_rooms, tso_metal_star
D:3:      layout_basic, fiery_altar_vehumet, gammafunk_ghost_abyssal_escape,
          first_ration, nicolae_gozag_cash_rules_everything_around_me,
          uniq_natasha
D:4:      layout_rooms
D:5:      layout_rooms, xom_redecorated, bloody_trog, temple_green, basic_altar,
          kennysheep_generic_room_13
D:6:      layout_basic
D:7:      layout_rooms, gammafunk_temple_overflow_elements
D:8:      layout_basic, elyvilon_altar_3, erik_lair_dragon, hangedman_ranch
          [blue_anna_fruit_fields], fedhas_altar_fruit_tree, uniq_maggie,
          uniq_harold

Skill      XL: |  1  2  3  4  5  6  7  8  9 10 |
---------------+-------------------------------+-----
Axes           | 2 3 4 5 6 7 8 |  8.1
Dodging        | 1 2 3 4 |  4.4
Armour         | 2 3 4 6 7 |  7.0
Invocations    | 3 4 5 6 7 |  7.1
Fighting       | 4 5 |  5.9

Action                   |  1- 3 |  4- 6 |  7- 9 | 10-12 || total
-------------------------+-------+-------+-------+-------++-------
Melee: War axe           |    78 |    92 |   296 |    35 ||   501
       Kick              |     9 |    25 |    81 |    19 ||   134
       Hand axe          |       |       |       |    17 ||    17
Invok: Depart the Abyss  |     1 |       |       |       ||     1
  Use: Scroll            |     3 |     3 |    15 |     2 ||    23
       Potion            |     3 |     1 |     6 |     1 ||    11
  Eat: Chunk             |       |     3 |    12 |     2 ||    17
       Ration            |       |       |     1 |       ||     1
Armor: Leather armour    |    30 |       |       |       ||    30
       Scale mail        |     2 |    73 |   191 |    35 ||   301
       Skin              |       |       |       |     9 ||     9
Dodge: Dodged            |    49 |    46 |   123 |    20 ||   238

Table legend:
 A = Non-vault XP
 B = Vault XP
 C = Vault XP percentage of total XP
 D = Non-vault monster count
 E = Vault monster count
 F = Vault count percentage of total count
                 A         B        C        D         E       F
            +---------+---------+-------+---------+---------+-------
      Total |    3962 |    4620 |  53.8 |     161 |      16 |   9.0
            +---------+---------+-------+---------+---------+-------
        D:1 |      24 |       0 |   0.0 |      14 |       0 |   0.0
        D:2 |      64 |       0 |   0.0 |      23 |       0 |   0.0
        D:3 |     331 |      33 |   9.1 |      33 |       1 |   2.9
        D:4 |     803 |       0 |   0.0 |      20 |       0 |   0.0
        D:5 |     736 |       1 |   0.1 |      18 |       1 |   5.3
        D:6 |     702 |       0 |   0.0 |      16 |       0 |   0.0
        D:7 |     995 |    1018 |  50.6 |      31 |       1 |   3.1
        D:8 |     307 |    3568 |  92.1 |       6 |      13 |  68.4
            +---------+---------+-------+---------+---------+-------
